cohdb
Replays
Latest Replays
All Replays
Popular Replays
Top Player Replays
Match Explorer
How It Works
Community
CoH3 Stats
Reddit
Sign in to upload your games and track your stats! →
Sign in with Steam
Match 43607650
Unlisted
Match 43607650
Overview
Messages
Build Orders
End
Vickers Machine Gun Team
Construct Section Command Post
Infantry Section
Selects Air and Sea Battlegroup
Infantry Section
Infantry Section
Construct Platoon Command Post
Humber Armored Car
Infantry Training
CMP 15cwt Truck
Unlock Bishop Self-propelled Artillery
Selects Commando Section Paradrop
Selects M1 Pack Howitzer Paradrop
Bishop Self-propelled Artillery
Bishop Self-propelled Artillery
Commando Section Paradrop
Grenade Package
6-pounder Anti-tank Gun Team
6-pounder Anti-tank Gun Team
Omlás
joker
Lero
NoX
sigounet
Mr.Faraam
[~AJ~]Oberst
King Raptor
0
0
Comments
sign in to comment!
No comments posted yet!